 Dungeon Crawl Stone Soup version 0.29.1-12-g30fa7ad0bf (webtiles) character file.

Game seed: 17848782162132742264

1030 Radix the Digger (level 8, -10/41 HPs)
             Began as a Gargoyle Earth Elementalist on Dec 19, 2022.
             Engulfed by a steam dragon's steam (16 damage)
             ... on level 5 of the Dungeon.
             The game lasted 00:29:53 (3948 turns).

Radix the Digger (Gargoyle Earth Elementalist)      Turns: 3948, Time: 00:30:04

Health: -10/41     AC: 10    Str: 12    XL:     8   Next: 23%
Magic:  12/16      EV: 11    Int: 18    God:
Gold:   255        SH:  0    Dex: 10    Spells: 14/18 levels left

rFire   . . .      SeeInvis .   E - +2 whip (flame)
rCold   . . .      Faith    .   (no shield)
rNeg    + . .      Spirit   .   a - +0 robe
rPois   ∞          Reflect  .   v - +2 hat
rElec   +          Harm     .   (no cloak)
rCorr   .          Rampage  .   x - +0 pair of gloves
Will    .....                   (no boots)
Stlth   ++........              (no amulet)
HPRegen 0.13/turn               e - ring of wizardry
MPRegen 0.15/turn               (no ring)

@: no status effects
A: sickness immunity, AC +5, negative energy resistance 1, electricity
resistance, torment resistance 1, petrification resistance
a: no special abilities


You were on level 5 of the Dungeon.
You visited 2 branches of the dungeon, and saw 6 of its levels.

You collected 255 gold pieces.

Inventory:

Hand Weapons
 d - a +0 dagger
 f - a +1 whip of draining
 C - the +4 flail of the Ageless Emperors {vorpal, rF+ Int-5 Stlth+}
   (You found it on level 4 of the Dungeon)

   It inflicts extra damage upon your enemies.
   Int:       It affects your intelligence (-5).
   rF:        It protects you from fire.
   Stlth:     It makes you more stealthy.
 E - a +2 whip of flaming (weapon)
Missiles
 A - 2 throwing nets
Armour
 a - a +0 robe (worn)
 n - a +0 helmet
 v - a +2 hat (worn)
 x - a +0 pair of gloves (worn)
Jewellery
 e - a ring of wizardry (left hand)
Wands
 y - a wand of paralysis (10)
Scrolls
 h - 2 scrolls of poison {unknown}
 i - 2 scrolls of teleportation {unknown}
 k - a scroll of vulnerability {unknown}
 l - 4 scrolls of enchant armour {unknown}
 o - a scroll of silence {unknown}
 p - 6 scrolls of identify {unknown}
 r - 2 scrolls of butterflies {unknown}
 s - a scroll of noise {unknown}
 t - 3 scrolls of blinking {unknown}
 z - 2 scrolls of amnesia {unknown}
Potions
 b - 3 potions of magic
 c - a potion of mutation {unknown}
 g - 2 potions of attraction {unknown}
 j - a potion of invisibility {unknown}
 m - a potion of resistance {unknown}
 q - 2 potions of curing {unknown}
 u - a potion of flight {unknown}
 w - 3 potions of heal wounds {unknown}
 B - 3 potions of haste {unknown}
 D - a potion of cancellation {unknown}
 F - a potion of brilliance {unknown}


   Skills:
 - Level 0.6 Throwing
 - Level 1.5 Dodging
 - Level 2.1 Stealth
 + Level 5.7 Spellcasting
 + Level 2.6 Conjurations
 - Level 1.0 Transmutations
 + Level 2.3 Fire Magic
 + Level 7.9 Earth Magic


You had 14 spell levels left.
You knew the following spells:

 Your Spells              Type           Power      Damage    Failure   Level
a - Sandblast             Erth           66%        2d15      1%          1
b - Stone Arrow           Conj/Erth      48%        3d10      1%          3

Your spell library contained the following spells:

 Spells                   Type           Power      Damage    Failure   Level
 Passwall                 Tmut/Erth      17%        N/A       1%          2
 Petrify                  Tmut/Erth      21%        N/A       8%          4
 Fireball                 Conj/Fire      7%         3d5       43%         5
 Starburst                Conj/Fire      7%         6d4       92%         6
 Ignition                 Fire           6%         3d4       100%        8


Dungeon Overview and Level Annotations

Branches:
Dungeon (5/15)             Temple (1/1) D:4

Altars:
Ashenzari
Dithmenos
Elyvilon
Fedhas
Gozag
Hepliaklqana
Okawaru
Trog
Uskayaw
Wu Jian
Xom
Yredelemnul
Zin
The Shining One

Shops:
D:1 =[=(


Innate Abilities, Weirdness & Mutations

You are immune to sickness and miasma.
Your stone body is resilient. (AC +5)
You are immune to poison.
You resist negative energy. (rN+)
You are resistant to electric shocks. (rElec)
You are resistant to unholy torment.
You are immune to petrification.


Message History

F - a fuming clear potion
Things that are here:
a +0 mace; an orc corpse
Things that are here:
a +0 dagger; a +0 robe; an orc corpse You enter the shallow water.
Moving in this stuff is going to be slow.
p - 6 scrolls labelled SUHOH KYAVEDEWK (gained 1)
You now have 255 gold pieces (gained 20).
Things that are here:
a +0 hand axe of venom; 5 curare-tipped darts; an orc corpse
Things that are here:
a +0 dagger; a +0 robe; an orc corpse A steam dragon comes into view.
Aiming: Sandblast (safe; 1% risk of failure)
Press: ? - help, Q - select action, (/) - cycle Shift-Dir - straight line, f - you
Okay, then.
Aiming: Sandblast (safe; 1% risk of failure)
Press: ? - help, Q - select action, (/) - cycle Shift-Dir - straight line, f - steam dragon
Aim: a steam dragon (wandering, hasn't noticed you, 84% to hit)
The blast of sand hits the steam dragon!
The steam dragon is heavily wounded.
The steam dragon hisses angrily.
The steam dragon breathes steam at you. The ball of steam hits you!!
Aiming: Sandblast (safe; 1% risk of failure)
Press: ? - help, Q - select action, (/) - cycle Shift-Dir - straight line, f/p - steam dragon
Aim: a steam dragon (steam, heavily wounded, catching its breath, 84% to hit)
The blast of sand hits the steam dragon.
The steam dragon is severely wounded.
You are engulfed in a cloud of scalding steam.
* * * LOW HITPOINT WARNING * * *
A quokka comes into view.
Aiming: Sandblast (safe; 1% risk of failure)
Press: ? - help, Q - select action, (/) - cycle Shift-Dir - straight line, f/p - steam dragon
Aim: a steam dragon (steam, severely wounded, catching its breath, 84% to hit)
The blast of sand hits the steam dragon but does no damage.
The steam dragon is severely wounded.
You are engulfed in a cloud of scalding steam.
You die...

... .. ..r ..## ...
§.## .... ##
.§§#..... ≈#..
#.§#..#. .'..
#D.§..#.. .'...
##@.§.....
#...##...##..#.
#.......## #.##
#......#####..#
##......#....<.#
#.........~~...#
##....#...~~.....
....##~♣..~♣~.....#
#..##♣~...~~♣♣.....#


You could see a steam dragon (catching breath) and a quokka.

Vanquished Creatures
  Grinder (D:4)
  Menkaure (D:5)
  An ogre (D:5)
  Blork the orc (D:4)
  2 howler monkeys
  A jelly (D:4)
  2 hounds (D:4)
  2 iguanas (D:5)
  2 orc wizards (D:5)
  Ijyb (D:4)
  A scorpion zombie (D:4)
  8 gnolls
  5 adders
  An adder zombie (D:4)
  A worm (D:2)
  A dart slug (D:1)
  14 orcs
  10 endoplasms
  2 giant cockroaches
  4 goblins
  15 hobgoblins
  9 jackals
  4 quokkas
  4 ball pythons
  8 bats
  4 frilled lizards
  9 kobolds
  3 rats
117 creatures vanquished.

Vanquished Creatures (others)
  5 plants (D:5)
5 creatures vanquished.

Grand Total: 122 creatures vanquished

Notes
Turn   | Place    | Note
-------+----------+-------------------------------------------
     0 | D:1      | Radix the Gargoyle Earth Elementalist began the quest for
                  | the Orb.
     0 | D:1      | Reached XP level 1. HP: 10/10 MP: 3/3
    53 | D:1      | Found Kefyutes's Antique Armour Boutique.
    92 | D:1      | Found Qitani's Jewellery Emporium.
   105 | D:1      | Reached skill level 1 in Transmutations
   192 | D:1      | Reached XP level 2. HP: 15/15 MP: 3/5
   196 | D:1      | Reached skill level 4 in Earth Magic
   249 | D:1      | Found Golyqed's Jewellery Emporium.
   699 | D:1      | Reached XP level 3. HP: 19/19 MP: 4/6
   703 | D:1      | Learned a level 3 spell: Stone Arrow
   820 | D:1      | Found Daxus's Antique Weapon Shoppe.
  1083 | D:2      | Reached XP level 4. HP: 24/24 MP: 3/8
  1573 | D:3      | Reached skill level 5 in Earth Magic
  1579 | D:3      | Reached XP level 5. HP: 20/28 MP: 2/10
  1795 | D:3      | Found a hazy altar of Hepliaklqana.
  2175 | D:3      | Found a faded altar of an unknown god.
  2273 | D:4      | Noticed Ijyb
  2275 | D:4      | Paralysed by Ijyb for 2 turns
  2280 | D:4      | Killed Ijyb
  2395 | D:4      | Reached skill level 6 in Earth Magic
  2395 | D:4      | Reached XP level 6. HP: 25/32 MP: 6/12
  2585 | D:4      | Noticed Grinder
  2597 | D:4      | Killed Grinder
  2598 | D:4      | Reached skill level 5 in Spellcasting
  2598 | D:4      | Reached skill level 7 in Earth Magic
  2598 | D:4      | Reached XP level 7. HP: 28/36 MP: 7/14
  2763 | D:4      | Found a staircase to the Ecumenical Temple.
  2768 | Temple   | Entered the Ecumenical Temple
  2879 | D:4      | Found a basalt altar of Yredelemnul.
  2956 | D:4      | Found a white marble altar of Elyvilon.
  2964 | D:4      | Identified the +4 flail of the Ageless Emperors {vorpal,
                  | rF+ Int-5 Stlth+}
  3389 | D:4      | Noticed Blork the orc
  3395 | D:4      | Killed Blork the orc
  3396 | D:4      | Reached skill level 1 in Conjurations
  3531 | D:5      | Entered Level 5 of the Dungeon
  3633 | D:5      | Reached skill level 1 in Fire Magic
  3730 | D:5      | Noticed Menkaure
  3738 | D:5      | Killed Menkaure
  3739 | D:5      | Reached XP level 8. HP: 37/41 MP: 7/16
  3948 | D:5      | Engulfed by a steam dragon's steam

Illustrated notes

Levels and vault maps discovered:
D:1:      roderic_chinese_lattice_arrival, layout_basic, serial_shops, shop,
          shop, nicolae_shop_behind_doors, nicolae_shop_waterfront
D:2:      layout_rooms
D:3:      layout_basic, mainiacjoe_overflow_chevrons,
          dreamdust_ecumenical_altar_sealed_demon, serial_glass,
          glass_columns_b, glass_columns_b, patterned_corridor
D:4:      nicolae_cairo_tiling, layout_loops_ring,
          lemuel_zombie_altar_yredelemnul, old_standard_altar, uniq_grinder,
          uniq_blork_the_orc, uniq_ijyb
D:5:      kennysheep_big_flooded_room, layout_cave_pools,
          lemuel_coloured_pillars_altar,
          mainiacjoe_overflow_concentric_impassable, gammafunk_ghost_mausoleum,
          st_stairs_2, serial_bayou_ford_a, uniq_duvessa, uniq_eustachio,
          uniq_crazy_yiuf_cottage, uniq_pikel, uniq_menkaure
Temple:   nicolae_temple_ecumenical_triangle

Skill      XL: |  1  2  3  4  5  6  7 |
---------------+----------------------+-----
Transmutations | 1 |  1.0
Earth Magic    | 4 5 6 7 |  7.9
Spellcasting   | 3 4 5 |  5.7
Conjurations   | 2 |  2.6
Fire Magic     | 2 |  2.3
Throwing       | |  0.6
Dodging        | |  1.5
Stealth        | |  2.1

Action                   |  1- 3 |  4- 6 |  7- 9 || total
-------------------------+-------+-------+-------++-------
Melee: Dagger            |     2 |       |       ||     2
       Whip              |       |     3 |     9 ||    12
 Cast: Sandblast         |    47 |    76 |    58 ||   181
       Stone Arrow       |       |       |     2 ||     2
Armor: Robe              |     4 |     9 |    16 ||    29
Dodge: Dodged            |     5 |    15 |     9 ||    29
